 Dungeon Crawl Stone Soup version 0.25-a0-277-g7046ed1b37 (webtiles) character file.

Game seed: 6898550533545934063, levelgen mode: deterministic

329 Lanoc the Ducker (level 6, -3/48 HPs)
             Began as a Merfolk Artificer on Dec 9, 2019.
             Killed from afar by an orc wizard (7 damage)
             ... with a magic dart
             ... on level 3 of the Dungeon.
             The game lasted 00:05:08 (2942 turns).

Lanoc the Ducker (Merfolk Artificer)                Turns: 2942, Time: 00:05:09

Health: -3/48      AC:  3    Str: 18    XL:     6   Next: 51%
Magic:  9/9        EV: 15    Int: 10    God:
Gold:   107        SH:  0    Dex: 16    Spells: 5/5 levels left

rFire    . . .     SeeInvis .   a - +0 dagger (drain)
rCold    . . .     Gourm    .   (no shield)
rNeg     . . .     Faith    .   r - +0 leather armour
rPois    .         Spirit   .   (no helmet)
rElec    .         Reflect  .   (no cloak)
rCorr    .         Harm     .   (no gloves)
MR       .....                  (no boots)
Stlth    ++........             (no amulet)
HPRegen  0.16/turn              (no ring)
MPRegen  0.11/turn              (no ring)

@: mighty
A: change form in water, swift swim, stealthy swim
a: no special abilities


You were on level 3 of the Dungeon.
You were hungry.

You visited 1 branch of the dungeon, and saw 4 of its levels.

You collected 107 gold pieces.

Inventory:

Hand Weapons
 a - a +0 dagger of draining (weapon)
 b - a +0 hunting sling
Missiles
 j - 42 sling bullets
Armour
 r - a +0 leather armour (worn)
Wands
 c - a wand of flame (15)
 d - a wand of enslavement (13)
 e - a wand of random effects (6)
Scrolls
 k - a scroll of fog {unknown}
 n - a scroll of remove curse
 p - 2 scrolls of teleportation {unknown}
 s - a scroll of amnesia {unknown}
 t - 5 scrolls of identify {unknown}
 v - a scroll of enchant weapon {unknown}
 w - a scroll of random uselessness {unknown}
Potions
 g - 2 potions of berserk rage {unknown}
 h - 3 potions of curing {unknown}
 i - a potion of invisibility {unknown}
 l - 2 potions of mutation {unknown}
 m - a potion of flight {unknown}
 o - a potion of brilliance {unknown}
 u - a potion of lignification {unknown}
 x - a potion of heal wounds {unknown}
Comestibles
 f - 10 rations
 z - a chunk of flesh


   Skills:
 + Level 4.1 Fighting
 - Level 1.2 Short Blades
 + Level 5.4 Dodging
 - Level 1.1 Stealth
 + Level 4.7 Evocations


You had 5 spell levels left.
You didn't know any spells.
Your spell library was empty.

Dungeon Overview and Level Annotations

Branches:
Dungeon (4/15)
 Temple: D:4-7

Altars:
Uskayaw


Message History

You feel yourself speed up. The orc wizard misses you.
The orc wizard mumbles some strange words.
The orc wizard blinks!
The orc misses you. The orc closely misses you.
The orc wizard hits you but does no damage.
The orc closely misses you.
You barely miss the orc. The orc wizard misses you.
The orc hits you with a +0 war axe! The orc hits you with a +0 dagger.
You hit the orc.
The orc is moderately wounded.
The orc wizard mumbles some strange words.
The orc wizard blinks!
The orc wizard gestures at you while chanting.
The magic dart hits you!
* * * LOW HITPOINT WARNING * * *
The orc hits you with a +0 war axe.
* * * LOW HITPOINT WARNING * * *
The orc wizard points at you and mumbles some strange words.
The magic dart hits you!
You die...

.............)##
##.######......
............###
#....o........
.(............##
#########.....
.........>..#..########
.....
÷########8.....<......#
..... .#
..#.##..........# ...o.
.# #..#.##......§...# .
...). .#
#..#.######oo.#####..#
#...# .# #..#.
#@#.#.....# #### .# o#.
###o#...# ## #.oS...##
.......<...# #
............# ##
............# .#
............# ##
............#
............#


You could see an orc wizard, an adder and 3 orcs.

Vanquished Creatures
  A hound (D:4)
  4 orc priests
  Natasha (thrice) (D:2)
  4 adders
  2 worms (D:2)
  3 dart slugs
  2 leopard geckos
  5 orcs
  A ball python (D:1)
  A bat skeleton (D:2)
  6 giant cockroaches
  5 goblins
  9 hobgoblins
  5 bats
  2 frilled lizards (D:2)
  6 kobolds
  5 rats
64 creatures vanquished.

Vanquished Creatures (others)
  A kobold (D:2)
1 creature vanquished.

Grand Total: 65 creatures vanquished

Notes
Turn   | Place    | Note
-------+----------+-------------------------------------------
     0 | D:1      | Lanoc the Merfolk Artificer began the quest for the Orb.
     0 | D:1      | Reached XP level 1. HP: 15/15 MP: 3/3
   397 | D:1      | Reached skill level 3 in Dodging
   416 | D:1      | Reached XP level 2. HP: 15/21 MP: 4/4
  1030 | D:2      | Noticed Natasha
  1038 | D:2      | Noticed a crimson imp
  1043 | D:2      | Killed Natasha
  1043 | D:2      | Reached XP level 3. HP: 26/27 MP: 5/5
  1081 | D:2      | Noticed Natasha
  1099 | D:2      | Killed Natasha
  1099 | D:2      | Reached skill level 4 in Dodging
  1099 | D:2      | Reached XP level 4. HP: 11/34 MP: 6/6
  1190 | D:2      | Noticed Natasha
  1201 | D:2      | Killed Natasha
  1252 | D:2      | Found a hide-covered altar of Uskayaw.
  1287 | D:2      | You fall into a shaft and drop 2 floors!
  1298 | D:4      | Reached XP level 5. HP: 34/41 MP: 6/8
  2051 | D:2      | Reached skill level 5 in Dodging
  2051 | D:2      | Reached XP level 6. HP: 48/48 MP: 9/9
  2942 | D:3      | Killed from afar by an orc wizard

Levels and vault maps discovered:
D:1:      nzn_arrival_depleted_hourglass, layout_basic, minmay_tetromino_i2
D:2:      wad_river_or_something, layout_loops_cross, general_overflow_altar,
          first_ration, serial_rivers, chequers_serial_rivers_micro_b,
          chequers_serial_rivers_marsh, chequers_serial_rivers_marsh,
          chequers_serial_rivers_large_a, chequers_serial_rivers_small_b,
          chequers_serial_rivers_small_3, uniq_natasha
D:3:      layout_rooms, biasface_ghost_orc_armoury
D:4:      layout_cave_pools, grunt_temple_overflow_order_and_chaos_2,
          chequers_serial_rivers_room_a, okawaru_altar_gauntlet_db

Skill      XL: |  1  2  3  4  5  6 |
---------------+-------------------+-----
Dodging        | 3 4 5 |  5.4
Fighting       | 2 3 4 |  4.1
Evocations     | 4 |  4.7
Short Blades   | |  1.2
Stealth        | |  1.1

Action                   |  1- 3 |  4- 6 || total
-------------------------+-------+-------++-------
Melee: Short sword       |    37 |       ||    37
       Dagger            |    37 |   159 ||   196
       Tailslap          |     2 |     2 ||     4
 Fire: Hunting sling     |     7 |     5 ||    12
Evoke: Wand              |       |    11 ||    11
  Use: Scroll            |       |     3 ||     3
       Potion            |       |     1 ||     1
 Stab: Sleeping          |     3 |     5 ||     8
  Eat: Chunk             |     1 |     5 ||     6
Armor: Leather armour    |    21 |    25 ||    46
Dodge: Dodged            |    51 |   117 ||   168

Table legend:
 A = Non-vault XP
 B = Vault XP
 C = Vault XP percentage of total XP
 D = Non-vault monster count
 E = Vault monster count
 F = Vault count percentage of total count
                 A         B        C        D         E       F
            +---------+---------+-------+---------+---------+-------
      Total |     416 |      55 |  11.7 |      52 |      12 |  18.8
            +---------+---------+-------+---------+---------+-------
        D:1 |      19 |       3 |  13.6 |      10 |       2 |  16.7
        D:2 |     263 |      52 |  16.5 |      27 |      10 |  27.0
        D:3 |      90 |       0 |   0.0 |      13 |       0 |   0.0
        D:4 |      44 |       0 |   0.0 |       2 |       0 |   0.0
            +---------+---------+-------+---------+---------+-------
